 Dungeon Crawl Stone Soup version 0.30-a0-1074-g5db6f66fbb (webtiles) character file.

Game seed: 10708343170697711276

1885 BubbleThief the Cleaver (level 9, -17/82 HPs)
             Began as a Hill Orc Fighter on Apr 13, 2023.
             Was a Follower of Elyvilon.
             Demolished by a two-headed ogre
             ... wielding a +0 giant club
              (20 damage)
             ... on level 6 of the Dungeon.
             The game lasted 00:07:29 (4083 turns).

BubbleThief the Cleaver (Hill Orc Fighter)          Turns: 4083, Time: 00:07:29

Health: -17/82     AC: 12    Str: 23    XL:     9   Next: 14%
Magic:  9/9        EV:  9    Int: 11    God:    Elyvilon [*.....]
Gold:   286        SH:  4    Dex: 10    Spells: 8/8 levels left

rFire   . . .      SeeInvis .    a - +0 war axe
rCold   . . .      Faith    .    c - +0 buckler
rNeg    . . .      Spirit   .    b - +0 scale mail
rPois   .          Reflect  .    n - +2 helmet {Int+3}
rElec   .          Rampage  +    (no cloak)
rCorr   .                        k - +0 pair of gloves
Will    .....                    D - +0 pair of boots {rampage} Stlth
                                 v - amulet of regeneration
HPRegen 1.13/turn                (no ring)
MPRegen 0.11/turn                (no ring)

@: no status effects
A: no striking features
a: Renounce Religion, Purification


You were on level 6 of the Dungeon.
You worshipped Elyvilon.
Elyvilon was aware of your devotion.
You visited 1 branch of the dungeon, and saw 6 of its levels.

You collected 286 gold pieces.

Inventory:

Hand Weapons
 a - a +0 war axe (weapon)
Missiles
 g - 3 poisoned darts
 A - 4 silver javelins (quivered)
Armour
 b - a +0 scale mail (worn)
 c - a +0 buckler (worn)
 k - a +0 pair of gloves (worn)
 n - a +2 helmet of intelligence (worn)
 D - a +0 pair of boots of rampaging (worn)
Jewellery
 v - an amulet of regeneration (around neck)
 B - a ring of fire
Wands
 s - a wand of mindburst (13)
 y - a wand of digging (3)
 E - a wand of polymorph (9)
Scrolls
 i - 2 scrolls of teleportation {unknown}
 m - 6 scrolls of identify {unknown}
 p - 2 scrolls of enchant armour {unknown}
 q - a scroll of magic mapping {unknown}
 t - a scroll of fog {unknown}
 u - 2 scrolls of amnesia {unknown}
 w - a scroll of blinking {unknown}
 x - a scroll of noise {unknown}
 C - a scroll of poison {unknown}
Potions
 d - 3 potions of might
 e - 2 potions of resistance {unknown}
 f - 2 potions of brilliance {unknown}
 h - a potion of berserk rage {unknown}
 j - 2 potions of cancellation {unknown}
 l - 2 potions of curing {unknown}
 o - a potion of ambrosia {unknown}
 r - 3 potions of degeneration {unknown}
 z - a potion of attraction {unknown}


   Skills:
 + Level 8.8 Fighting
 * Level 12.5 Axes
 - Level 3.2 Armour
 - Level 3.2 Shields


You had 8 spell levels left.
You didn't know any spells.
Your spell library contained the following spells:

 Spells                   Type           Power      Damage    Failure   Level
 Sandblast                Erth           0%         2d4       75%         1
 Passwall                 Tmut/Erth      0%         N/A       87%         2
 Static Discharge         Conj/Air       0%         2-2/arc   87%         2
 Inner Flame              Hex/Fire       0%         N/A       98%         3
 Stone Arrow              Conj/Erth      0%         3d7       98%         3
 Airstrike                Air            0%         2d(0-16)  100%        4
 Flame Wave               Conj/Fire      0%         2d4       100%        4
 Sticky Flame             Conj/Fire      0%         2d3       100%        4
 Summon Lightning Spire   Summ/Air       0%         N/A       100%        4


Dungeon Overview and Level Annotations

Branches:
Dungeon (6/15)             Temple (0/1) D:5

Altars:
Elyvilon
Kikubaaqudgha
Zin

Shops:
D:6 :


Message History

You kill the ice beast!
Aiming: Mindburst
Press: ? - help, Shift-Dir - straight line, f - two-headed ogre
Aim: a two-headed ogre, wielding two +0 giant clubs (chance to affect: 47%)
Okay, then.
Throw: 5 javelins (silver)
Press: ? - help, Q - select action, (/) - cycle Shift-Dir - straight line, f - two-headed ogre
Aim: a two-headed ogre, wielding two +0 giant clubs (75% to hit)
You throw a silver javelin.
The silver javelin hits the two-headed ogre and shatters, but does no damage.
The two-headed ogre is lightly wounded.
Unknown command.
You hit the two-headed ogre.
The two-headed ogre is lightly wounded.
The two-headed ogre hits you with a +0 giant club!!
You block the two-headed ogre's attack.
Unknown command.
You barely miss the two-headed ogre.
The two-headed ogre is lightly wounded.
Unknown command.
You slash the two-headed ogre!
The two-headed ogre is lightly wounded.
The two-headed ogre hits you with a +0 giant club!! x2
* * * LOW HITPOINT WARNING * * *
You barely miss the two-headed ogre.
The two-headed ogre is lightly wounded.
You barely miss the two-headed ogre.
The two-headed ogre is lightly wounded.
The two-headed ogre closely misses you. x2
You slice the two-headed ogre!!
The two-headed ogre is heavily wounded.
The two-headed ogre barely misses you. x2
You hit the two-headed ogre.
The two-headed ogre is severely wounded.
You slash the two-headed ogre!
The two-headed ogre is severely wounded.
The two-headed ogre hits you with a +0 giant club!!
* * * LOW HITPOINT WARNING * * *
The two-headed ogre hits you with a +0 giant club!!
You die...

....... ...#
....#..#...#
#....†.).#
#..?.# #..#.$#.#
.# #......# .#
######o# .# #O#
##.# #@# #..
##.## #.#######
##
#...###........
. #.........# #
#...###..## #
##### #.## ####
##.## ##.##
###...######.#.#
#...........###.


You could see a two-headed ogre and an orc.

Vanquished Creatures
  5 yaks
  An orc warrior (D:5)
  An ice beast (D:6)
  2 phantoms
  4 scorpions
  A hound (D:5)
  2 gnoll boudas (D:5)
  2 orc priests (D:5)
  An iguana (D:4)
  3 orc wizards
  18 gnolls
  6 adders
  A shadow imp (D:5)
  2 ufetubi
  2 worms
  2 dart slugs
  16 orcs
  5 endoplasms
  7 giant cockroaches
  3 goblins
  8 hobgoblins
  5 quokkas
  6 ball pythons
  6 bats
  6 frilled lizards
  8 kobolds
  A rat (D:3)
124 creatures vanquished.

Vanquished Creatures (others)
  6 plants (D:4)
6 creatures vanquished.

Grand Total: 130 creatures vanquished

Notes
Turn   | Place    | Note
-------+----------+-------------------------------------------
     0 | D:1      | BubbleThief the Hill Orc Fighter began the quest for the
                  | Orb.
     0 | D:1      | Reached XP level 1. HP: 19/19 MP: 1/1
    84 | D:1      | Reached skill level 3 in Axes
   243 | D:1      | Reached XP level 2. HP: 23/27 MP: 2/2
   443 | D:1      | You fall into a shaft and drop 1 floor!
   473 | D:2      | Reached skill level 4 in Axes
   473 | D:2      | Reached XP level 3. HP: 23/33 MP: 3/3
   484 | D:2      | Reached XP level 4. HP: 18/41 MP: 4/4
   664 | D:2      | Reached skill level 5 in Axes
  1579 | D:4      | Reached XP level 5. HP: 47/47 MP: 5/5
  1680 | D:4      | Reached skill level 6 in Axes
  1694 | D:4      | Reached skill level 5 in Fighting
  1805 | D:4      | Reached XP level 6. HP: 39/56 MP: 6/6
  1813 | D:4      | Reached skill level 7 in Axes
  2660 | D:5      | Entered Level 5 of the Dungeon
  2662 | D:5      | Found a white marble altar of Elyvilon.
  2713 | D:5      | Became a worshipper of Elyvilon the Healer
  2807 | D:5      | Reached skill level 8 in Axes
  2807 | D:5      | Reached XP level 7. HP: 52/63 MP: 7/7
  2869 | D:5      | Found an ancient bone altar of Kikubaaqudgha.
  2911 | D:5      | Found a staircase to the Ecumenical Temple.
  2915 | D:5      | Noticed a yak
  2916 | D:5      | Noticed a yak
  2919 | D:5      | Noticed a yak
  2920 | D:5      | Reached skill level 9 in Axes
  2920 | D:5      | Noticed a yak
  2926 | D:5      | Noticed a yak
  2950 | D:4      | Killed a yak
  2951 | D:4      | Reached XP level 8. HP: 28/73 MP: 8/8
  3145 | D:5      | Killed a yak
  3146 | D:5      | Reached skill level 10 in Axes
  3157 | D:5      | Killed a yak
  3162 | D:5      | Killed a yak
  3163 | D:5      | Reached skill level 11 in Axes
  3166 | D:5      | Killed a yak
  3521 | D:5      | Found a glowing silver altar of Zin.
  3521 | D:5      | Noticed an angel
  3553 | D:5      | Reached * piety under Elyvilon
  3878 | D:6      | Reached skill level 12 in Axes
  3921 | D:6      | Reached XP level 9. HP: 81/82 MP: 9/9
  3971 | D:6      | Found Sorghapt's Tremendous Tomes.
  4060 | D:6      | Noticed a two-headed ogre
  4083 | D:6      | HP: 3/82 [two-headed ogre/+0 giant club (23)]
  4083 | D:6      | Demolished by a two-headed ogre

Illustrated notes

Levels and vault maps discovered:
D:1:      dpeg_arrival_tiny_g, layout_loops_ring, kennysheep_minor_cross,
          amcnicky_mini_pool_small
D:2:      layout_rooms
D:3:      layout_basic, minmay_misc_feat_rugged, corner_web_ring
D:4:      layout_basic, serial_bayou_lagoon_a, serial_bayou_lake_a
D:5:      layout_cave_pools, zin_angel, mainiacjoe_overflow_catch_the_wave,
          minmay_temple_entry_from_below_b, corexii_checkpoint_a,
          hangedman_decor_lopped, hangedman_decor_push, kennysheep_nondescript,
          solitary_fountain, hangedman_abyss_or_decor_lesser_grid,
          guppyfry_early_orc_mine
D:6:      layout_loops_ring, minmay_misc_feat_plants, minmay_tree_intersection,
          nicolae_shop_i_like_big_books, st_stairs_12,
          chequers_serial_rivers_room_a

Skill      XL: |  1  2  3  4  5  6  7  8 |
---------------+-------------------------+-----
Axes           | 3 4 5 6 8 9 12 | 12.5
Fighting       | 4 5 6 7 8 |  8.8
Armour         | |  3.2
Shields        | |  3.2

Action                     |  1- 3 |  4- 6 |  7- 9 || total
---------------------------+-------+-------+-------++-------
  Melee: War axe           |    64 |   247 |   170 ||   481
  Throw: Dart              |     4 |     3 |     1 ||     8
         Javelin           |       |       |     1 ||     1
 Armour: Scale mail        |    34 |   126 |    71 ||   231
  Dodge: Dodged            |    38 |   127 |    51 ||   216
  Block: Buckler           |     9 |    52 |    23 ||    84

Table legend: (Time is in decaauts)
 A = Elapsed time spent in this place.
 B = Non-inter-level travel time spent in this place.
 C = Inter-level travel time spent in this place.
 D = Time resting spent in this place.
 E = Time spent auto-exploring this place.
 F = Levels seen in this place.
 G = Mean time per level.
                   A        B        C        D        E       F      G
               +--------+--------+--------+--------+--------+-----+--------+
         Total |   4182 |   3948 |    234 |    192 |   2707 |   6 |  697.0 |
       Dungeon |   4182 |   3948 |    234 |    192 |   2707 |   6 |  697.0 |
               +--------+--------+--------+--------+--------+-----+--------+

Top non-repeatable levels by time:
     D:5: 942 daAuts
     D:4: 892 daAuts
     D:1: 790 daAuts
     D:3: 697 daAuts
     D:2: 525 daAuts
     D:6: 334 daAuts
